 Dungeon Crawl Stone Soup version 0.27-a0-1595-g0b823d0a13 (webtiles) character file.

Game seed: 11474845710495071803

44 HAL9000 the Sneak (level 3, 0/18 HPs)
             Began as a Vine Stalker Brigand on July 20, 2021.
             Slain by Terence (6 damage)
             ... on level 2 of the Dungeon.
             The game lasted 00:01:28 (1768 turns).

HAL9000 the Sneak (Vine Stalker Brigand)            Turns: 1768, Time: 00:01:29

Health: 0/18       AC:  3    Str: 14    XL:     3   Next: 60%
Magic:  0/4        EV: 11    Int: 11    God:
Gold:   87         SH:  0    Dex: 15    Spells: 2/2 levels left

rFire    . . .     SeeInvis .   a - +2 dagger
rCold    . . .     Faith    .   (no shield)
rNeg     . . .     Spirit   +   b - +0 robe
rPois    .         Reflect  .   (no helmet)
rElec    .         Harm     .   c - +0 cloak
rCorr    .         Rampage  .   (no gloves)
Will     .....                  (no boots)
Stlth    +++.......             (no amulet)
HPRegen  0.06/turn              (no ring)
MPRegen  0.09/turn              (no ring)

@: no status effects
A: fangs 2, magic shield, antimagic bite, no potion heal 2
a: no special abilities


You were on level 2 of the Dungeon.
You visited 1 branch of the dungeon, and saw 2 of its levels.

You collected 87 gold pieces.

Inventory:

Hand Weapons
 a - a +2 dagger (weapon)
Missiles
 e - 2 curare-tipped darts (quivered)
Armour
 b - a +0 robe (worn)
 c - a +0 cloak (worn)
Jewellery
 g - a ring of wizardry
 h - an amulet of guardian spirit
Scrolls
 f - a scroll of teleportation {unknown}
 i - a scroll of identify {unknown}
 j - a scroll of vulnerability {unknown}


   Skills:
 - Level 1.7 Fighting
 - Level 1.7 Short Blades
 + Level 3.5 Throwing
 - Level 0.7 Dodging
 - Level 4.8 Stealth


You had 2 spell levels left.
You didn't know any spells.
Your spell library contained the following spells:

 Spells                   Type           Power      Damage    Failure   Level
 Freezing Cloud           Conj/Ice/Air   0%         6-21      100%        5
 Simulacrum               Ice/Necr       0%         N/A       100%        6
 Polar Vortex             Ice            0%         N/A       100%        9


Dungeon Overview and Level Annotations

Branches:
Dungeon (2/15)

Altars:

Annotations:
D:2 Terence


Innate Abilities, Weirdness & Mutations

You have extremely sharp teeth.
When hurt, damage is shared between your health and your magic reserves.
Your bite disrupts and absorbs the magic of your enemies.
Potions cannot restore your health.


Message History

Press: ? - help, Q - select action, (/) - cycle Shift-Dir - straight line, f/p - kobold
Aim: a kobold, wielding a +0 dagger (strong, 51% to hit)
You throw a poisoned dart. The poisoned dart hits the kobold!
The kobold is poisoned.
Unknown command.
Throw: 4 darts (poison)
Press: ? - help, Q - select action, (/) - cycle Shift-Dir - straight line, f/p - kobold
Aim: a kobold, wielding a +0 dagger (strong, very poisoned, 51% to hit)
You throw a poisoned dart. The poisoned dart hits the kobold.
The kobold closely misses you.
Unknown command.
Throw: 3 darts (poison)
Press: ? - help, Q - select action, (/) - cycle Shift-Dir - straight line, f/p - kobold
Aim: a kobold, wielding a +0 dagger (heavily wounded, strong, very poisoned, 51% to hit)
You throw a poisoned dart.
The poisoned dart closely misses the kobold.
The poisoned dart hits Terence.
Terence is poisoned.
The kobold hits you with a +0 dagger.
Throw: 2 darts (poison)
Press: ? - help, Q - select action, (/) - cycle Shift-Dir - straight line, f/p - kobold
Aim: a kobold, wielding a +0 dagger (heavily wounded, strong, very poisoned, 51% to hit)
You throw a poisoned dart. The poisoned dart hits the kobold.
The kobold looks even sicker.
The kobold is heavily wounded.
You kill the kobold!
Throw: dart (poison)
Press: ? - help, Q - select action, (/) - cycle Shift-Dir - straight line, f - Terence
Aim: Terence, wielding a +0 hand axe and wearing a +0 scale mail (poisoned, 63% to hit)
You throw a poisoned dart. The poisoned dart hits Terence!
Terence looks even sicker.
Terence hits you with a +0 hand axe.
A goblin comes into view. It is wielding a +0 club.
The goblin shouts!
The goblin unwields a +0 club.
The goblin wields a +0 hunting sling.
The goblin shoots a stone.
The stone hits you. Terence barely misses you.
The goblin shoots a stone.
The stone barely misses you.
The goblin shoots a stone.
The stone hits you. Terence hits you with a +0 hand axe!
You die...

..#####.........# #. #.#
..()(...........# #.# #.#
..#####.........###.###.#
..# #.....g.#.##...##.#
..##.##.......#.##...##.###
................##...##...#
..##......#####.##...##.#.#
..##.####.# #@##...##.#.#
..##. #.# #.@.......#.# #
#.# ##(#.##.....# #.#
#..#.##..#...... ...
#..#.##..#..#### #.#
#..#.##..#..# ..#
#..#.##..#..# #..#.###.#..#
...... ..# #..#.#


You could see Terence (poisoned) and a goblin.

Vanquished Creatures
  An endoplasm (D:1)
  2 giant cockroaches (D:1)
  2 goblins (D:1)
  3 hobgoblins
  7 jackals (D:1)
  8 kobolds
  A quokka (D:1)
  3 ball pythons
  6 bats
  2 frilled lizards (D:1)
  4 rats
39 creatures vanquished.

Notes
Turn   | Place    | Note
-------+----------+-------------------------------------------
     0 | D:1      | HAL9000 the Vine Stalker Brigand began the quest for the
                  | Orb.
     0 | D:1      | Reached XP level 1. HP: 11/11 MP: 2/2
   260 | D:1      | Reached XP level 2. HP: 13/15 MP: 3/3
   475 | D:1      | Found a faded altar of an unknown god.
   897 | D:1      | Reached XP level 3. HP: 17/18 MP: 4/4
  1731 | D:2      | Noticed Terence
  1768 | D:2      | Slain by Terence

Illustrated notes

Levels and vault maps discovered:
D:1:      arrival_zaba_pyramid, layout_basic,
          shapermc_ecumenical_altar_acropolis, st_stairs_10, minmay_tetromino_t2
D:2:      layout_basic, chequers_jeans, uniq_terence

Skill      XL: |  1  2 |
---------------+-------+-----
Throwing       | 2 3 |  3.5
Fighting       | |  1.7
Short Blades   | |  1.7
Dodging        | |  0.7
Stealth        | |  4.8

Action                   || total
-------------------------++-------
Melee: Dagger            ||   107
       Bite              ||    27
Throw: Dart              ||    27
 Stab: Sleeping          ||     5
Armor: Robe              ||    32
Dodge: Dodged            ||    76

Table legend: (Time is in decaauts)
 A = Elapsed time spent in this place.
 B = Non-inter-level travel time spent in this place.
 C = Inter-level travel time spent in this place.
 D = Time resting spent in this place.
 E = Time spent auto-exploring this place.
 F = Levels seen in this place.
 G = Mean time per level.
                   A        B        C        D        E       F      G
               +--------+--------+--------+--------+--------+-----+--------+
         Total |   1755 |   1731 |     24 |    243 |   1227 |   2 |  877.5 |
       Dungeon |   1755 |   1731 |     24 |    243 |   1227 |   2 |  877.5 |
               +--------+--------+--------+--------+--------+-----+--------+

Top non-repeatable levels by time:
     D:1: 1534 daAuts
     D:2: 221 daAuts
